 Dungeon Crawl Stone Soup version 0.31-a0-988-g08d55dae12 (webtiles) character file.

Game seed: 15398306092151729228

31 BinkBink the Magician (level 3, 0/19 HPs)
             Began as a Deep Elf Air Elementalist on Nov 5, 2023.
             Slain by an adder (2 damage)
             ... on level 2 of the Dungeon.
             The game lasted 00:02:33 (1163 turns).

BinkBink the Magician (Deep Elf Air Elementalist)   Turns: 1163, Time: 00:02:35

Health: 0/19       AC:  2    Str:  5    XL:     3   Next: 7%
Magic:  3/10       EV: 12    Int: 21    God:
Gold:   84         SH:  0    Dex: 15    Spells: 5/9 levels left

rFire   . . .        e - +2 dagger (venom)
rCold   . . .        (no shield)
rNeg    . . .        a - +0 robe
rPois   .            (no helmet)
rElec   .            (no cloak)
rCorr   .            (no gloves)
SInv    .            (no boots)
Will    .....        (no amulet)
Stlth   ++           (no ring)
HPRegen 0.23/turn    (no ring)
MPRegen 0.12/turn

%: no passive effects
@: brilliant, swift, very quick
A: no striking features
a: no special abilities


You were on level 2 of the Dungeon.
You visited 1 branch of the dungeon, and saw 2 of its levels.

You collected 84 gold pieces.

Inventory:

Hand Weapons
 e - a +2 dagger of venom (weapon)
Armour
 a - a +0 robe (worn)
Jewellery
 f - an amulet of regeneration
Scrolls
 d - 2 scrolls of identify {unknown}
Potions
 b - a potion of magic


   Skills:
 - Level 2.4 Dodging
 - Level 2.4 Stealth
 + Level 3.8 Spellcasting
 + Level 2.0 Conjurations
 + Level 3.4 Air Magic


You had 5 spell levels left.
You knew the following spells:

 Your Spells              Type           Power      Damage    Failure   Level
a - Shock                 Conj/Air       92%        1d8       4%          1
b - Swiftness             Air            27%        N/A       9%          3

Your spell library contained the following spells:

 Spells                   Type           Power      Damage    Failure   Level
 Static Discharge         Conj/Air       46%        3-5/arc   6%          2
 Cigotuvi's Dreadful Rot  Necr/Pois/Air  26%        N/A       12%         2
 Airstrike                Air            13%        2d(2-18)  30%         4
 Dispel Undead            Necr           6%         3d8       77%         4
 Summon Forest            Summ/Tloc      3%         N/A       98%         5
 Death Channel            Necr           3%         N/A       100%        6
 Eringya's Noxious Bog    Tmut/Pois      3%         4d6       100%        6
 Summon Hydra             Summ           3%         N/A       100%        7


Dungeon Overview and Level Annotations

Branches:
Dungeon (2/15)

Altars:


Message History

The adder barely misses you.
You feel sick. The adder attacks as it pursues you! The adder bites you.
* * * LOW HITPOINT WARNING * * *
* * * LOW HITPOINT WARNING * * *
You feel sick.
Okay, then.
Casting: Swiftness (extremely dangerous; 9% risk of failure)
Confirm with . or Enter, or press ? or * to list all spells.
Aiming: Shock (safe; 4% risk of failure)
Press: ? - help, Shift-Dir - straight line, f/p - adder
Aim: an adder (heavily wounded, 53% to hit)
The zap hits the adder.
The adder is heavily wounded.
You feel sick. The adder misses you.
Casting: Shock (safe; 4% risk of failure)
Confirm with . or Enter, or press ? or * to list all spells.
Aiming: Shock (safe; 4% risk of failure)
Press: ? - help, Shift-Dir - straight line, f/p - adder
Aim: an adder (heavily wounded, 53% to hit)
The zap misses the adder.
You feel sick. The adder misses you. The adder bites you but does no damage.
Casting: Shock (safe; 4% risk of failure)
Confirm with . or Enter, or press ? or * to list all spells.
You don't know that spell.
* * * LOW HITPOINT WARNING * * *
You feel sick.
You are no longer poisoned.
It was a potion of brilliance.
You feel clever all of a sudden. The adder closely misses you.
The adder misses you. The adder attacks as it pursues you!
The adder bites you but does no damage.
Casting: Shock (safe; 4% risk of failure)
Confirm with . or Enter, or press ? or * to list all spells.
Aiming: Shock (safe; 4% risk of failure)
Press: ? - help, Shift-Dir - straight line, f/p - adder
Aim: an adder (heavily wounded, 57% to hit)
You feel a surge of power!
The zap hits the adder.
The adder is heavily wounded.
The zap misses the adder.
The adder bites you.
You die...

#....##.###
####.####.... +.##.#
#.†.## #.##.###)...#
#.##........# .
#.##........# #.#
#......S<...# ...
#####.###S#...# #.S
#.....#..@....#
#..##.##..#.#.....#
#....##..#.......#
..........#..#.......#
.......##.#.##.......#
....... .#.##.......#
....... ..>.+........
....... #####.....####
.......


You could see 2 adders.

Vanquished Creatures
  2 dart slugs
  A bat (D:1)
  2 endoplasms
  A giant cockroach (D:1)
  5 goblins
  3 hobgoblins (D:1)
  A kobold (D:1)
  3 quokkas (D:1)
  2 ball pythons
  A frilled lizard (D:2)
  3 rats (D:1)
24 creatures vanquished.

Notes
Turn   | Place    | Note
-------+----------+-------------------------------------------
     0 | D:1      | BinkBink the Deep Elf Air Elementalist began the quest for
                  | the Orb.
     0 | D:1      | Reached XP level 1. HP: 10/10 MP: 6/6
   146 | D:1      | Reached XP level 2. HP: 15/15 MP: 2/8
  1036 | D:2      | Reached XP level 3. HP: 19/19 MP: 2/10
  1040 | D:2      | Learned a level 3 spell: Swiftness
  1163 | D:2      | Slain by an adder

Illustrated notes

Levels and vault maps discovered:
D:1:      lemuel_arrival_hallway, layout_loops_ring, minmay_misc_feat_alley,
          hangedman_decor_points, minmay_misc_feat_tiny
D:2:      layout_basic, hellmonk_ecumenical_altar_lost_god,
          grunt_decor_resistance

Skill      XL: |  1  2 |
---------------+-------+-----
Conjurations   | 2 |  2.0
Dodging        | |  2.4
Stealth        | |  2.4
Spellcasting   | |  3.8
Air Magic      | |  3.4

Action                     || total
---------------------------++-------
   Cast: Shock             ||    57
         Swiftness         ||     1
    Use: Potion            ||     1
 Armour: Robe              ||     9
  Dodge: Dodged            ||     9

Table legend: (Time is in decaauts)
 A = Elapsed time spent in this place.
 B = Non-inter-level travel time spent in this place.
 C = Inter-level travel time spent in this place.
 D = Time resting spent in this place.
 E = Time spent auto-exploring this place.
 F = Levels seen in this place.
 G = Mean time per level.
                   A        B        C        D        E       F      G
               +--------+--------+--------+--------+--------+-----+--------+
         Total |   1159 |   1148 |     11 |      6 |   1016 |   2 |  579.5 |
       Dungeon |   1159 |   1148 |     11 |      6 |   1016 |   2 |  579.5 |
               +--------+--------+--------+--------+--------+-----+--------+

Top non-repeatable levels by time:
     D:1: 942 daAuts
     D:2: 217 daAuts
